 Dungeon Crawl Stone Soup version 0.31-a0-44-g49d609d0da (webtiles) character file.

Game seed: 15110857987176868744

42872 pk666 the Eclecticist (level 13, -4/62 (63) HPs)
             Began as a Deep Elf Fire Elementalist on May 20, 2023.
             Was a Priest of Vehumet.
             Shot with a bolt by an orc warlord (21 damage)
             ... on level 9 of the Dungeon.
             The game lasted 01:28:01 (23047 turns).

pk666 the Eclecticist (Deep Elf Fire Elementalist) Turns: 23047, Time: 01:28:04

HP:   -4/62 (63)    AC:  8    Str:  8      XL:     13   Next: 87%
MP:   25/44         EV: 17    Int: 21 (26) God:    Vehumet [***...]
Gold: 1032          SH:  5    Dex: 15      Spells: 16/45 levels left

rFire   . . .        K - +0 dagger of the Last Knives {venom, rElec rN+}
rCold   . . .        (no shield)
rNeg    + . .        O - +3 troll leather armour {Snorg}
rPois   +            (no helmet)
rElec   +            (no cloak)
rCorr   .            (no gloves)
SInv    .            J - +0 pair of boots
Will    +....        D - amulet of the Twisting Enemy {Reflect rPois Regen+ Str+3 SH+5}
Stlth   ++           t - ring of magical power
HPRegen 1.90/turn    r - ring of wizardry
MPRegen 0.29/turn

%: reflection, wizardry (x1)
@: swift, lightly drained, very quick
A: no striking features
a: Renounce Religion


You were on level 9 of the Dungeon.
You worshipped Vehumet.
Vehumet was most pleased with you.
You visited 4 branches of the dungeon, and saw 17 of its levels.

You collected 1644 gold pieces.
You spent 612 gold pieces at shops.

Inventory:

Hand Weapons
 K - the +0 dagger of the Last Knives (weapon) {venom, rElec rN+}
   (You found it on level 7 of the Dungeon)

   rElec:     It insulates you from electricity.
   rN:        It protects you from negative energy.
Missiles
 H - 4 throwing nets
Armour
 a - a +0 robe
 J - a +0 pair of boots (worn)
 O - a +3 troll leather armour (worn) {Snorg}
Jewellery
 c - a ring of willpower
 e - a ring of see invisible
 r - a ring of wizardry (right hand)
 t - a ring of magical power (left hand)
 y - a ring of flight
 C - a ring of willpower
 D - the amulet of the Twisting Enemy (around neck) {Reflect rPois Regen+ Str+3 SH+5}
   (You acquired it on level 2 of the Lair of Beasts)

   [amulet of reflection]

   It reflects blocked missile attacks.
   Str:       It affects your strength (+3).
   rPois:     It protects you from poison.
   Regen:     It increases your rate of health regeneration.
   SH:        It affects your SH (+5).
 F - a ring of poison resistance
 P - a ring of fire
 Q - a +5 ring of evasion
 R - an amulet of faith
Wands
 i - a wand of flame (64)
 n - a wand of mindburst (2)
 s - a wand of quicksilver (4)
 M - a wand of polymorph (1)
 N - a wand of charming (4)
Scrolls
 h - 2 scrolls of enchant armour
 k - 3 scrolls of fear
 l - 5 scrolls of teleportation
 p - a scroll of poison
 u - 3 scrolls of enchant weapon
 v - 4 scrolls of amnesia
 w - 6 scrolls of identify
 x - 2 scrolls of brand weapon
 z - 3 scrolls of fog
 A - 2 scrolls of magic mapping
 E - 2 scrolls of blinking
 G - 2 scrolls of immolation
 I - 3 scrolls of noise
Potions
 b - a potion of magic
 d - 2 potions of ambrosia
 f - 4 potions of haste
 g - 2 potions of might
 j - 9 potions of curing
 m - 4 potions of lignification
 o - 4 potions of attraction
 q - 5 potions of flight
 B - 2 potions of mutation
 L - 4 potions of heal wounds


   Skills:
 + Level 12.4 Dodging
 - Level 2.4 Stealth
 + Level 16.8 Spellcasting
 + Level 14.5 Conjurations
 * Level 2.5 Necromancy
 - Level 4.0 Translocations
 + Level 11.7 Fire Magic
 - Level 5.0 Ice Magic
 - Level 2.0 Air Magic


You had 16 spell levels left.
You knew the following spells:

 Your Spells              Type           Power      Damage    Failure   Level
a - Foxfire               Conj/Fire      100%       2x1d9     0%          1
b - Scorch                Fire           100%       2d9       1%          2
c - Flame Wave            Conj/Fire      64%        2d15      1%          4
d - Orb of Destruction    Conj           34%        9d10      1%          7
e - Freezing Cloud        Conj/Ice/Air   23%        6-21      1%          5
f - Mephitic Cloud        Conj/Pois/Air  40%        N/A       1%          3
g - Swiftness             Air            26%        N/A       2%          3
q - Passage of Golubria   Tloc           34%        N/A       3%          4

Your spell library contained the following spells:

 Spells                   Type           Power      Damage    Failure   Level
 Sticky Flame             Conj/Fire      64%        2d8       1%          4
 Magic Dart               Conj           100%       1d8       0%          1
 Searing Ray              Conj           100%       2d8       0%          2
 Sandblast                Erth           34%        2d9       1%          1
 Shock                    Conj/Air       100%       1d9       1%          1
 Slow                     Hex            68%        N/A       1%          1
 Static Discharge         Conj/Air       100%       2-7/arc   1%          2
 Inner Flame              Hex/Fire       42%        N/A       1%          3
 Stone Arrow              Conj/Erth      96%        3d13      1%          3
 Vampiric Draining        Necr           28%        2d8       1%          3
 Volatile Blastmotes      Fire/Tloc      100%       2d18      1%          3
 Fulminant Prism          Conj/Hex       24%        3d12      1%          4
 Iskenderun's Battlesphe  Conj           68%        2d12      1%          5
 Passwall                 Tmut/Erth      14%        N/A       2%          2
 Portal Projectile        Hex/Tloc       52%        N/A       2%          3
 Airstrike                Air            13%        2d(2-18)  2%          4
 Iron Shot                Conj/Erth      24%        9d5       4%          6
 Confusing Touch          Hex            17%        N/A       6%          3
 Tukima's Dance           Hex            17%        N/A       6%          3
 Animate Dead             Necr           28%        N/A       6%          4
 Summon Lightning Spire   Summ/Air       21%        N/A       12%         4
 Leda's Liquefaction      Hex/Erth       8%         N/A       19%         4
 Spellforged Servitor     Conj/Summ      24%        N/A       21%         7
 Borgnjor's Vile Clutch   Necr/Erth      11%        N/A       28%         5
 Silence                  Hex/Air        10%        N/A       32%         5
 Blade Hands              Tmut           8%         N/A       45%         5
 Death Channel            Necr           14%        N/A       65%         6
 Lehudib's Crystal Spear  Conj/Erth      24%        10d7      77%         8
 Enfeeble                 Hex            8%         N/A       100%        7


Dungeon Overview and Level Annotations

Branches:
Dungeon (10/15)            Temple (1/1) D:6            Lair (5/5) D:9
  Swamp (0/4) Lair:2       Spider (0/4) Lair:2        Slime (0/5) Lair:5
    Orc (1/2) D:9

Altars:
Ashenzari
Cheibriados
Dithmenos
Elyvilon
Gozag
Hepliaklqana
Kikubaaqudgha
Makhleb
Okawaru
Qazlal
Ru
Sif Muna
Trog
Uskayaw
Vehumet
Wu Jian
Xom
Yredelemnul
The Shining One
Jiyva

Shops:
D:7 !(*   D:8 ?   Orc:1 =

Annotations:
D:5 Duvessa
D:9 exclusions: door and 2 downstairs
D:10 Sonja
Lair:5 exclusion: obsidian statue


Message History

The foxfire hits the orc warlord but does no damage.
The orc warlord is lightly wounded.
The foxfire hits the orc warlord.
The orc warlord completely resists.
The orc warlord is lightly wounded.
Casting: Foxfire (safe; 0% risk of failure)
Confirm with . or Enter, or press ? or * to list all spells.
Aiming: Freezing Cloud (dangerous; 1% risk of failure)
Press: ? - help, Dir - move target The orc warrior hits itself with a +0 short sword.
The orc is engulfed in freezing vapours.
You kill the orc!
Vehumet accepts your kill.
You feel your power returning.
An orc sorcerer comes into view. It is wielding a +1 dagger of venom.
You hear a shout!
The orc warlord roars a battlecry!
The orc sorcerer goes into a battle-frenzy!
The troll is engulfed in noxious fumes.
The troll appears confused.
The orc warrior hits the orc warlord but does no damage.
The orc warrior hits itself with a +0 short sword.
You climb upwards.
Welcome back to the Dungeon!
Level annotation: exclusions: door and 2 downstairs
There is a staircase to the Orcish Mines here.
Casting: Freezing Cloud (dangerous; 1% risk of failure)
Confirm with . or Enter, or press ? or * to list all spells.
You feel quick.
The orc warlord hits you with a +0 great mace of protection!!
The orc warlord unwields a +0 great mace of protection.
The orc warlord wields a +0 arbalest.
The orc warlord shoots a bolt.
The bolt hits you!!
* * * LOW HITPOINT WARNING * * *
Casting: Swiftness (dangerous; 2% risk of failure)
Confirm with . or Enter, or press ? or * to list all spells.
Aiming: Orb of Destruction (dangerous; 1% risk of failure)
Press: ? - help, Shift-Dir - straight line, f - orc warlord
Aim: an orc warlord, wielding a +0 arbalest and wearing a +2 plate armour of fire resistance (lightly wounded)
The wavering orb of destruction hits the orc warlord!!
The orc warlord is moderately wounded.
The orc warlord shoots a bolt.
The bolt hits you!!
You die...

########.......#........#........
.......#.......#...######...)[...
........)..........[..........###
..............................#..
...........>.......)....#######..
..#.....................#.....#..
###......P..............#.....'..
..#....#.......#...##'###.....#..
..#....#.......#@.............###
..#....##.....##.○............#..
..########...###.o##..........#..
..#...........#....#..........#..
..#...........#....'....#######..
..'...........#....#....#........
..#....^......#....######........
#.#....########....'.............
########...........#..........###


You could see an orc warlord.

Vanquished Creatures
  Snorg (Lair:4)
  Harold (D:9)
  2 hydras
  A catoblepas (Lair:5)
  A boulder beetle (Lair:2)
  9 death yaks
  2 spectral dire elephants (Lair:5)
  A skyshark (Lair:4)
  3 bog bodies (Lair:2)
  An orange crystal statue (D:9)
  Pikel (D:8)
  A necromancer (Lair:5)
  18 elephants
  A dire elephant zombie (Lair:5)
  6 black mambas
  11 cane toads
  A torpor snail (Lair:2)
  4 rime drakes
  Maggie (D:8)
  4 komodo dragons
  A hornet (D:9)
  5 blink frogs (Lair:2)
  5 polar bears
  Sigmund (D:2)
  A shadow (D:8)
  18 yaks
  3 basilisks
  Grum (Lair:1)
  A wraith (D:9)
  A vampire (D:9)
  2 wyverns
  A steam dragon (Lair:2)
  2 wargs
  A death yak simulacrum (Lair:5)
  2 spectral cane toads (Lair:5)
  A swamp worm (Lair:2)
  13 water moccasins
  A sky beast (D:5)
  4 orc warriors
  A black bear (D:4)
  4 ice beasts
  An elephant zombie (Lair:5)
  4 ogres
  13 wolves
  5 centaurs
  3 lemures
  2 phantoms
  2 kobold brigands
  Blork the orc (D:5)
  17 bullfrogs
  2 cane toad simulacra (Lair:5)
  3 gnoll sergeants
  7 scorpions
  11 wights
  Dowan (D:5)
  6 killer bees (D:7)
  An elephant simulacrum (Lair:5)
  4 electric eels
  3 howler monkeys
  2 hounds (D:5)
  7 orc priests
  A gnoll bouda (D:6)
  3 iguanas
  2 sleepcaps
  11 orc wizards
  17 gnolls
  6 adders
  2 shadow imps
  2 white imps
  3 worms
  6 dart slugs
  31 orcs
  6 ball pythons
  7 endoplasms
  4 giant cockroaches
  6 goblins
  3 hobgoblins
  11 jackals
  18 kobolds
  6 quokkas
  7 bats
  2 frilled lizards
  12 rats
400 creatures vanquished.

Vanquished Creatures (collateral kills)
  3 foxfires
3 creatures vanquished.

Vanquished Creatures (others)
  885 foxfires
885 creatures vanquished.

Grand Total: 1288 creatures vanquished

Notes
Turn   | Place    | Note
-------+----------+-------------------------------------------
     0 | D:1      | pk666 the Deep Elf Fire Elementalist began the quest for
                  | the Orb.
     0 | D:1      | Reached XP level 1. HP: 10/10 MP: 6/6
   235 | D:1      | Reached XP level 2. HP: 11/15 MP: 2/8
   252 | D:1      | Learned a level 2 spell: Scorch
   651 | D:1      | Found a white marble altar of Elyvilon.
   829 | D:1      | Reached XP level 3. HP: 19/19 MP: 2/10
  1592 | D:2      | Found an iron altar of Okawaru.
  2162 | D:2      | Reached XP level 4. HP: 18/24 MP: 5/11
  2169 | D:2      | Learned a level 4 spell: Flame Wave
  2343 | D:2      | Noticed Sigmund
  2353 | D:2      | Killed Sigmund
  2354 | D:2      | Reached skill level 4 in Spellcasting
  2354 | D:2      | Reached XP level 5. HP: 28/28 MP: 8/14
  2455 | D:2      | Identified the +4 ring mail of Modern Music {-Cast rElec
                  | rPois Slay+3}
  2664 | D:3      | Reached XP level 6. HP: 32/32 MP: 12/15
  2830 | D:3      | Found an iron altar of Okawaru.
  2941 | D:3      | Found a basalt altar of Yredelemnul.
  3043 | D:3      | Found a bloodstained altar of Trog.
  3093 | D:3      | Reached skill level 1 in Translocations
  3157 | D:3      | Found a faded altar of an unknown god.
  3707 | D:4      | Found a burning altar of Makhleb.
  3920 | D:4      | Reached skill level 5 in Spellcasting
  4478 | D:4      | Learned a level 4 spell: Passage of Golubria
  4504 | D:5      | Entered Level 5 of the Dungeon
  4635 | D:5      | Reached skill level 5 in Fire Magic
  4635 | D:5      | Reached XP level 7. HP: 36/36 MP: 13/17
  4782 | D:5      | Reached skill level 5 in Dodging
  4832 | D:5      | Found a shadowy altar of Dithmenos.
  4901 | D:5      | Reached skill level 6 in Spellcasting
  4952 | D:5      | Noticed Blork the orc
  4960 | D:5      | Killed Blork the orc
  5047 | D:5      | Reached XP level 8. HP: 41/41 MP: 19/19
  5101 | D:5      | Noticed Duvessa
  5101 | D:5      | Noticed Dowan
  5299 | D:5      | Reached skill level 5 in Conjurations
  5334 | D:6      | Reached skill level 7 in Spellcasting
  5741 | D:6      | Found Oluogymn's Magic Scroll Emporium.
  5766 | D:6      | Found a hazy altar of Hepliaklqana.
  6120 | D:6      | Reached skill level 8 in Spellcasting
  6120 | D:6      | Reached XP level 9. HP: 45/45 MP: 23/23
  6181 | D:6      | Found a snail-covered altar of Cheibriados.
  6204 | D:6      | Found a staircase to the Ecumenical Temple.
  6326 | Temple   | Entered the Ecumenical Temple
  7219 | D:7      | Found Diru's Distillery.
  7227 | D:7      | Bought a potion of heal wounds for 65 gold pieces
  7227 | D:7      | Bought a potion of curing for 39 gold pieces
  7227 | D:7      | Bought a potion of degeneration for 13 gold pieces
  7227 | D:7      | Bought a potion of attraction for 39 gold pieces
  7233 | D:7      | Identified 2 scrolls of acquirement
  7234 | D:7      | Acquired 689 gold pieces
  7235 | D:7      | Acquired the Omnibus of Execration and Injury
  7319 | D:7      | Found Fiufonk's General Store.
  7342 | D:7      | Found Woxzucug's Antique Weapon Emporium.
  7362 | D:7      | Identified the +0 dagger of the Last Knives {venom, rElec
                  | rN+}
  7851 | D:6      | Bought 2 scrolls of noise for 24 gold pieces
  7851 | D:6      | Bought a scroll of vulnerability for 48 gold pieces
  7851 | D:6      | Bought a scroll of amnesia for 48 gold pieces
  7851 | D:6      | Bought a scroll of immolation for 48 gold pieces
  7851 | D:6      | Bought a scroll of identify for 24 gold pieces
  7851 | D:6      | Bought a scroll of identify for 24 gold pieces
  7851 | D:6      | Bought a scroll of identify for 24 gold pieces
  7851 | D:6      | Bought a scroll of identify for 24 gold pieces
  7851 | D:6      | Bought a scroll of identify for 24 gold pieces
  7897 | D:8      | Found Xetoeh's Magic Scroll Shoppe.
  7900 | D:8      | Bought a scroll of fog for 48 gold pieces
  7900 | D:8      | Bought a scroll of fear for 48 gold pieces
  7900 | D:8      | Bought a scroll of identify for 24 gold pieces
  7900 | D:8      | Bought a scroll of identify for 24 gold pieces
  7900 | D:8      | Bought a scroll of identify for 24 gold pieces
  7962 | D:8      | Reached skill level 9 in Spellcasting
  8256 | D:8      | Found a white marble altar of Elyvilon.
  8259 | D:8      | Noticed Maggie
  8278 | D:8      | Killed Maggie
  8479 | D:8      | Noticed Pikel
  8928 | D:8      | Killed Pikel
  8929 | D:8      | Reached XP level 10. HP: 38/50 MP: 22/25
  9334 | D:7      | Found a broken altar of Ashenzari.
  9353 | D:7      | Found a radiant altar of Vehumet.
  9356 | D:7      | Became a worshipper of Vehumet
  9679 | D:5      | Killed Dowan
  9851 | D:9      | Found a staircase to the Orcish Mines.
 10025 | D:9      | Found a staircase to the Lair.
 10047 | D:9      | Reached skill level 10 in Spellcasting
 10473 | D:9      | Noticed an orange crystal statue
 10482 | D:9      | Learned a level 5 spell: Freezing Cloud
 10542 | D:9      | Reached skill level 1 in Ice Magic
 10903 | D:9      | Noticed Harold
 10918 | D:9      | Killed Harold
 11602 | D:9      | Reached * piety under Vehumet
 11602 | D:9      | Offered knowledge of Kiss of Death by Vehumet.
 12227 | D:10     | Entered Level 10 of the Dungeon
 12227 | D:10     | Noticed Sonja
 12378 | Lair:1   | Entered Level 1 of the Lair of Beasts
 12388 | Lair:1   | Noticed a cane toad
 12391 | Lair:1   | Reached skill level 10 in Dodging
 12391 | Lair:1   | Reached skill level 1 in Air Magic
 12391 | Lair:1   | Reached XP level 11. HP: 54/54 MP: 15/27
 12484 | Orc:1    | Entered Level 1 of the Orcish Mines
 12503 | Orc:1    | Found Witwigeo's Jewellery Emporium.
 12687 | Orc:1    | Noticed an orc warlord
 12692 | Orc:1    | Reached skill level 11 in Spellcasting
 12829 | Lair:1   | Noticed Grum
 12836 | Lair:1   | Killed Grum
 12964 | Lair:1   | Reached skill level 5 in Ice Magic
 13442 | Lair:1   | Reached ** piety under Vehumet
 13448 | Lair:1   | Offered knowledge of Magic Dart by Vehumet.
 13754 | Lair:1   | Reached skill level 10 in Fire Magic
 14198 | Lair:1   | Learned a level 7 spell: Orb of Destruction
 14400 | Lair:2   | Acquired the amulet of the Twisting Enemy {Reflect rPois
                  | Regen+ Str+3 SH+5}
 14540 | Lair:2   | Noticed a bog body
 14646 | Lair:2   | Reached skill level 10 in Conjurations
 14744 | Lair:2   | Identified the +8 falchion "Topots" {heavy, *Corrode rF+
                  | Str+2}
 14818 | Lair:2   | Noticed a boulder beetle
 14901 | Lair:2   | Found a hole to the Spider Nest.
 15063 | Lair:3   | Reached skill level 12 in Spellcasting
 15185 | Lair:3   | Offered knowledge of Mephitic Cloud by Vehumet.
 15195 | Lair:3   | Reached XP level 12. HP: 59/59 MP: 21/30
 15258 | Lair:3   | Learned a level 3 spell: Mephitic Cloud
 15518 | Lair:3   | Reached skill level 13 in Spellcasting
 15569 | Lair:3   | Reached *** piety under Vehumet
 16372 | Lair:4   | Noticed a death yak
 16373 | Lair:4   | Noticed a death yak
 16373 | Lair:4   | Noticed a death yak
 16496 | Lair:4   | Reached skill level 14 in Spellcasting
 16647 | Lair:4   | Noticed Snorg
 16656 | Lair:4   | Killed Snorg
 16792 | Lair:4   | Offered knowledge of Ignite Poison by Vehumet.
 17189 | Lair:4   | Noticed a death yak
 17189 | Lair:4   | Noticed a death yak
 17198 | Lair:4   | Killed a death yak
 17202 | Lair:4   | Killed a death yak
 17203 | Lair:4   | Reached skill level 15 in Spellcasting
 17217 | Lair:4   | Killed a death yak
 17221 | Lair:4   | Killed a death yak
 17230 | Lair:4   | Killed a death yak
 17709 | Lair:2   | Killed a boulder beetle
 17824 | Lair:2   | Reached XP level 13. HP: 63/63 MP: 34/34
 17872 | Lair:2   | Found a staircase to the Swamp.
 18415 | Lair:5   | Entered Level 5 of the Lair of Beasts
 18666 | Lair:5   | Reached skill level 16 in Spellcasting
 18680 | Lair:4   | Reached **** piety under Vehumet
 18803 | Lair:5   | Offered knowledge of Sticky Flame by Vehumet.
 19503 | Lair:5   | Found a viscous altar of Jiyva.
 19504 | Lair:5   | Found a staircase to the Slime Pits.
 20520 | Lair:5   | Learned a level 3 spell: Swiftness
 20577 | Lair:5   | Reached skill level 1 in Necromancy
 22992 | D:9      | Identified the staff of cold "Quhile" {rPois rF+ rC+ Dex-5}
 23047 | D:9      | Shot with a bolt by an orc warlord

Illustrated notes

Levels and vault maps discovered:
D:1:      shiori_arrival_maze, layout_basic, minmay_hexomino_r4
D:2:      layout_basic, basic_altar, grunt_ministairs_10, uniq_sigmund
D:3:      layout_loops_ring, lemuel_doored_altar, lemuel_tele_altar,
          mainiacjoe_overflow_cross_hatched,
          hellmonk_ecumenical_altar_pennies_from_heaven
D:4:      layout_basic, mainiacjoe_overflow_boulevard, minmay_misc_feat_five
D:5:      layout_cave_pools, kennysheep_little_box, uniq_blork_the_orc,
          uniq_duvessa
D:6:      layout_cave_pods, worldfamousw_hep_ancestral_shrine,
          mainiacjoe_overflow_surrounded_room, minmay_temple_entry_mist,
          serial_shops, nicolae_take_the_stairs, ebering_dispersal_statue_hall
D:7:      layout_loops_ring, nicolae_overflow_squiral, serial_shops, shop, shop,
          shop, chequers_serial_rivers_micro_e
D:8:      layout_basic, elyvilon_altar_3, serial_shops, nicolae_stop_n_shop_2,
          uniq_pikel, uniq_maggie
D:9:      minmay_statue_hallways, layout_grid_maze, erik_lair_orcish_takeover,
          orc_0_dummy, minmay_fractal_squares_gapless_5, uniq_harold
D:10:     layout_loops_cross, lemuel_round_altar,
          mainiacjoe_overflow_six_doors_small, zin_statuary, uniq_sonja
Temple:   hellmonk_temple_rainy
Lair:1:   layout_regular_city, beast_lair_carwin_10, uniq_grum
Lair:2:   layout_regular_city, nicolae_swamp_entry_splash_gauntlet,
          nicolae_spider_entry_non_spiders, minivault_19, serial_bayou_shore_a
Lair:3:   layout_chaotic_city, serial_bayou_pond_b
Lair:4:   layout_roguey, serial_bayou_pond_c, uniq_snorg
Lair:5:   due_jungle_book, layout_gridlike, slime_entry_1
Orc:1:    layout_caves, serial_shops, nicolae_shop_tiny_real_fake_doors,
          nicolae_shop_behind_doors, nicolae_shop_pleasant_corner_grove, shop,
          shop

Skill      XL: |  1  2  3  4  5  6  7  8  9 10 11 12 13 |
---------------+----------------------------------------+-----
Dodging        | 3 4 5 7 8 10 11 12 | 12.4
Conjurations   | 2 3 4 6 7 8 11 13 14 | 14.5
Spellcasting   | 4 5 6 8 9 10 12 15 16 | 16.8
Fire Magic     | 4 5 7 8 9 10 11 | 11.7
Translocations | 2 3 4 |  4.0
Ice Magic      | 3 5 |  5.0
Air Magic      | 1 2 |  2.0
Necromancy     | 2 |  2.5
Stealth        | |  2.4

Action                     |  1- 3 |  4- 6 |  7- 9 | 10-12 | 13-15 || total
---------------------------+-------+-------+-------+-------+-------++-------
  Melee: Dagger            |       |       |       |     7 |       ||     7
   Cast: Foxfire           |   121 |    64 |   157 |   149 |    24 ||   515
         Scorch            |       |    25 |    99 |   154 |    61 ||   339
         Flame Wave        |       |       |     6 |    32 |    21 ||    59
         Freezing Cloud    |       |       |       |    55 |    63 ||   118
         Passage of Golubr |       |       |       |     1 |     3 ||     4
         Orb of Destructio |       |       |       |     5 |    40 ||    45
         Swiftness         |       |       |       |       |     4 ||     4
         Mephitic Cloud    |       |       |       |       |     2 ||     2
    Use: Scroll            |       |       |    16 |     2 |     1 ||    19
         Potion            |       |       |     1 |     2 |       ||     3
 Armour: Robe              |     2 |       |     6 |    22 |       ||    30
         Troll leather arm |       |       |       |     1 |    13 ||    14
  Dodge: Dodged            |    20 |     7 |    43 |   166 |    43 ||   279
  Block: Other             |       |       |       |    10 |    12 ||    22

Table legend: (Time is in decaauts)
 A = Elapsed time spent in this place.
 B = Non-inter-level travel time spent in this place.
 C = Inter-level travel time spent in this place.
 D = Time resting spent in this place.
 E = Time spent auto-exploring this place.
 F = Levels seen in this place.
 G = Mean time per level.
                   A        B        C        D        E       F      G
               +--------+--------+--------+--------+--------+-----+--------+
         Total |  23081 |  21853 |   1228 |   6491 |  10017 |  17 | 1357.7 |
       Dungeon |  13659 |  12887 |    772 |   2746 |   7906 |  10 | 1365.9 |
        Temple |     27 |     14 |     13 |      0 |     10 |   1 |   27.0 |
          Lair |   9297 |   8855 |    442 |   3745 |   2101 |   5 | 1859.4 |
  Orcish Mines |     96 |     96 |      0 |      0 |      0 |   1 |   96.0 |
               +--------+--------+--------+--------+--------+-----+--------+

Top non-repeatable levels by time:
     D:9: 3726 daAuts
  Lair:5: 2915 daAuts
  Lair:4: 2177 daAuts
  Lair:2: 1686 daAuts
     D:1: 1592 daAuts
     D:8: 1462 daAuts
     D:7: 1449 daAuts
     D:6: 1426 daAuts
  Lair:1: 1383 daAuts
  Lair:3: 1134 daAuts
     D:4: 1108 daAuts
     D:2: 1063 daAuts
     D:5: 1002 daAuts
     D:3: 809 daAuts
   Orc:1: 96 daAuts
